General information
- name: BNet
- type: Ladder 1vs1/FFA
- host: Battle.net
- saver: MrFrosty
map: TerenasStand
- players: 2
- length: 20:42
- speed: Fast
- version: 1.21 W3XP
- replay type: Public
» download(92 KB)
Players
team 1 (loser)
X-ToRqC-X (
red | 99 APM | 2056 actions | 20:40)
2 Paladin 1 Holy Light
1 Devotion Aura
3 Archmage 1 Summon Water Elemental
1 Blizzard
1 Brilliance Aura
» actions
Assign group hotkey | 19 | |
Basic commands | 121 | |
Build / train | 72 | |
ESC pressed | 2 | |
Enter build submenu | 28 | |
Enter hero's abilities submenu | 5 | |
Remove unit from queue | 1 | |
Right click | 943 | |
Select / deselect | 582 | |
Select group hotkey | 104 | |
Use ability | 176 | |
2056 total
» units
Peasant | 20 | |
Footman | 9 | |
Mortar Team | 12 | |
Rifleman | 1 | |
Flying Machine | 3 | |
Goblin Zeppelin | 1 | |
Goblin Shredder | 5 | |
51 total
» upgrades
» buildings
Altar of Kings | 2 | |
Barracks | 1 | |
Farm | 13 | |
Keep | 1 | |
Arcane Vault | 1 | |
Blacksmith | 1 | |
Scout Tower | 2 | |
Workshop | 2 | |
Cannon Tower | 1 | |
Castle | 1 | |
Lumber Mill | 1 | |
Gryphon Aviary | 2 | |
28 total
» build order
00:12 Altar of Kings
00:20 Barracks
00:34 Farm
00:48 Farm
01:42 Farm
02:43 Farm
03:08 Farm
04:16 Farm
04:32 Farm
04:39 Keep
05:17 Arcane Vault
06:29 Blacksmith
07:05 Scout Tower
07:31 Workshop
07:33 Workshop
09:10 Cannon Tower
09:44 Scout Tower
10:19 Farm
10:22 Farm
11:19 Altar of Kings
12:11 Farm
12:50 Farm
13:11 Farm
15:47 Farm
17:25 Castle
18:16 Lumber Mill
19:38 Gryphon Aviary
19:40 Gryphon Aviary
» items
Ivory Tower | 1 | |
Potion of Healing | 1 | |
Scroll of Town Portal | 1 | |
Scroll of Regeneration | 1 | |
Lesser Clarity Potion | 1 | |
5 total
team 2 (winner)
MrFrosty (
orange | 150 APM | 3098 actions | 20:42)
5 Mountain King 3 Storm Bolt
2 Bash
2 Blood Mage 1 Flame Strike
1 Banish
» actions
Assign group hotkey | 34 | |
Basic commands | 16 | |
Build / train | 78 | |
Enter build submenu | 25 | |
Enter hero's abilities submenu | 8 | |
Give item / drop item | 1 | |
Right click | 1789 | |
Select / deselect | 417 | |
Select group hotkey | 645 | |
Use ability | 85 | |
3098 total
» units
Peasant | 12 | |
Footman | 18 | |
Gryphon Rider | 5 | |
Knight | 1 | |
36 total
» upgrades
Masonry | 1 | |
Defend | 1 | |
Lumber Harvesting | 1 | |
Storm Hammers | 1 | |
4 total
» buildings
Altar of Kings | 1 | |
Farm | 9 | |
Barracks | 1 | |
Arcane Vault | 2 | |
Lumber Mill | 1 | |
Scout Tower | 9 | |
Arcane Tower | 1 | |
Guard Tower | 7 | |
Keep | 1 | |
Castle | 1 | |
Gryphon Aviary | 1 | |
Blacksmith | 1 | |
35 total
» build order
00:09 Altar of Kings
00:20 Farm
00:23 Barracks
00:50 Farm
02:03 Farm
02:33 Arcane Vault
02:40 Farm
03:42 Lumber Mill
04:39 Farm
04:41 Farm
06:10 Scout Tower
06:13 Scout Tower
06:42 Arcane Tower
06:43 Guard Tower
06:43 Scout Tower
06:56 Scout Tower
07:11 Guard Tower
07:14 Scout Tower
07:33 Guard Tower
07:35 Scout Tower
07:48 Guard Tower
08:00 Guard Tower
08:37 Arcane Vault
08:41 Scout Tower
09:14 Guard Tower
10:56 Keep
12:56 Scout Tower
12:56 Scout Tower
13:17 Castle
13:32 Guard Tower
14:05 Gryphon Aviary
15:46 Farm
16:49 Farm
16:51 Farm
19:11 Blacksmith
» items
Scroll of Regeneration | 9 | |
Lesser Clarity Potion | 7 | |
Boots of Speed | 1 | |
Staff of Teleportation | 1 | |
Potion of Healing | 1 | |
19 total
Chat log
(00:28 / All) X-ToRqC-X: gg gL
(00:32 / All) MrFrosty: you too